 Dungeon Crawl Stone Soup version 0.22-a0-525-gf69a080 (webtiles) character file.

105 kae the Firebug (level 4, -6/25 HPs)
             Began as a Tengu Fire Elementalist on June 20, 2018.
             Mangled by Natasha (7 damage)
             ... on level 2 of the Dungeon.
             The game lasted 00:01:25 (846 turns).

kae the Firebug (Tengu Fire Elementalist)            Turns: 846, Time: 00:01:26

Health: -6/25      AC:  2    Str:  8    XL:     4   Next: 83%
Magic:  1/8        EV: 18    Int: 16    God:
Gold:   57         SH:  0    Dex: 20    Spells: 7/8 levels left

rFire    . . .     SeeInvis .   (no weapon)
rCold    . . .     Gourm    .   (no shield)
rNeg     . . .     Faith    .   a - +0 robe
rPois    .         Spirit   .   (helmet restricted)
rElec    .         Reflect  .   (no cloak)
rCorr    .         Harm     .   (no gloves)
MR       .....                  (boots unavailable)
Stlth    +++.......             (no amulet)
HPRegen  0.08/turn              (no ring)
MPRegen  0.11/turn              (no ring)

@: agile
A: beak, talons 3
a: no special abilities


You were on level 2 of the Dungeon.
You were not hungry.

You visited 1 branch of the dungeon, and saw 2 of its levels.

You collected 57 gold pieces.

Inventory:

Armour
 a - a +0 robe (worn)
Jewellery
 e - a cursed ring of teleportation {unknown}
 j - a +5 amulet of reflection {unknown}
Scrolls
 d - a scroll of random uselessness {unknown}
 h - a scroll of identify
 i - a scroll of teleportation
Potions
 f - a potion of brilliance
Comestibles
 b - 2 chunks of flesh
 c - 2 rations


   Skills:
 + Level 1.3 Fighting
 - Level 2.1 Dodging
 - Level 2.0 Stealth
 + Level 2.6 Spellcasting
 * Level 3.4 Conjurations
 * Level 4.3 Fire Magic


You had 7 spell levels left.
You knew the following spells:

 Your Spells              Type           Power        Failure   Level  Hunger
a - Flame Tongue          Conj/Fire      ##...        4%          1    #......

Your spell library contained the following spells:

 Spells                   Type           Power        Failure   Level  Hunger
 Fireball                 Conj/Fire      ##........   73%         5    ######.
 Conjure Flame            Conj/Fire      ##......     12%         3    ###....
 Throw Flame              Conj/Fire      ##....       6%          2    ##.....
 Sticky Flame             Conj/Fire      ##......     36%         4    #####..
 Inner Flame              Hex/Fire       #.......     24%         3    ###....


Dungeon Overview and Level Annotations

Branches:
Dungeon (2/15)

Altars:

Annotations:
D:2 Natasha


Innate Abilities, Weirdness & Mutations

You have a beak for a mouth.
You have claws for feet.


Message History

Aim: Natasha (moderately wounded)
The flame tongue misses Natasha.
Natasha barely misses you.
Casting: Flame Tongue (safe; 4% risk of failure)
Confirm with . or Enter, or press ? or * to list all spells.
Aiming: Flame Tongue (safe; 4% risk of failure)
Press: ? - help, Shift-Dir - straight line, f/p - Natasha
Aim: Natasha (moderately wounded)
The flame tongue hits Natasha.
Natasha is heavily wounded.
Natasha barely misses you. The crimson imp closely misses you.
Casting: Flame Tongue (safe; 4% risk of failure)
Confirm with . or Enter, or press ? or * to list all spells.
Aiming: Flame Tongue (safe; 4% risk of failure)
Press: ? - help, Shift-Dir - straight line, f/p - Natasha
Aim: Natasha (heavily wounded)
The flame tongue hits Natasha.
Natasha is severely wounded.
The crimson imp disappears in a puff of smoke!
Natasha claws you!
You die...

#.## #.# #..#
...#####.#
##.## #.#..†..#
#..# #.......#
##.# #.......#
#.####
#.......#
#..##.
#.......#
#####.##)
##......###
#......#.
#.$..@h..##
#.####.#)
###.§###..####.
#.#.
##..§..5......
#.#.
#..####.####.
#... ##.# ..[
##.# #.# ...
#.# #.# ...#
#.. #.. ....
##. #.# ..#. #.


You could see Natasha.

Vanquished Creatures
  An orc wizard (D:2)
  Natasha (D:2)
  2 adders (D:2)
  A worm (D:2)
  A dart slug (D:2)
  A leopard gecko (D:2)
  3 orcs (D:2)
  4 bats
  A giant cockroach (D:1)
  A goblin (D:2)
  2 hobgoblins
  4 jackals (D:2)
  A kobold (D:1)
  A frilled lizard (D:1)
  4 rats
28 creatures vanquished.

Notes
Turn   | Place    | Note
-------+----------+-------------------------------------------
     0 | D:1      | kae the Tengu Fire Elementalist began the quest for the Orb.
     0 | D:1      | Reached XP level 1. HP: 10/10 MP: 4/4
   205 | D:1      | Reached XP level 2. HP: 15/15 MP: 0/6
   448 | D:2      | Noticed Natasha
   458 | D:2      | Reached XP level 3. HP: 20/20 MP: 3/7
   465 | D:2      | Killed Natasha
   465 | D:2      | Reached skill level 1 in Fighting
   465 | D:2      | Reached skill level 4 in Fire Magic
   478 | D:2      | Reached XP level 4. HP: 25/25 MP: 2/8
   819 | D:2      | Noticed Natasha
   841 | D:2      | HP: 1/25 [Natasha (5)]
   846 | D:2      | Mangled by Natasha

Vault maps used:
D:1:      minmay_arrival_three_doors
D:2:      grunt_dithmenos_smoke_and_mirrors, old_standard_altar, uniq_natasha

Skill      XL: |  1  2  3 |
---------------+----------+-----
Conjurations   | 2 3 |  3.4
Fighting       | 1 |  1.3
Fire Magic     | 4 |  4.3
Dodging        | |  2.1
Stealth        | |  2.0
Spellcasting   | |  2.6

Action                   |  1- 3 |  4- 6 || total
-------------------------+-------+-------++-------
Melee: Unarmed           |    29 |    20 ||    49
       Kick              |     3 |     2 ||     5
       Peck              |       |     4 ||     4
 Cast: Flame Tongue      |    20 |    24 ||    44
  Use: Scroll            |     3 |       ||     3
       Potion            |     2 |     1 ||     3
 Stab: Sleeping          |     1 |       ||     1
Armor: Robe              |     7 |       ||     7
       Skin              |    72 |     4 ||    76
Dodge: Dodged            |    17 |    25 ||    42

Table legend:
 A = Spawn XP
 B = Non-spawn XP
 C = Spawn XP percentage of total XP
 D = Spawn monster count
 E = Non-spawn monster count
 F = Spawn count percentage of total count
 G = Total turns spent on level
                    A         B        C        D         E        F      G
               +---------+---------+-------+---------+---------+-------+---------
         Total |       0 |     151 |   0.0 |       0 |      28 |   0.0 |   846
               +---------+---------+-------+---------+---------+-------+---------
           D:1 |       0 |      15 |   0.0 |       0 |      10 |   0.0 |   443
           D:2 |       0 |     136 |   0.0 |       0 |      18 |   0.0 |   403
               +---------+---------+-------+---------+---------+-------+---------
